 Dungeon Crawl Stone Soup version 0.26-a0-489-g112e8ad (webtiles) character file.

Game seed: 17195758182851138164

729 ClockworkOrrery the Shield-Bearer (level 7, -1/60 HPs)
             Began as a Gnoll Fighter on Aug 4, 2020.
             Was a Follower of Ashenzari.
             Slain by Menkaure (15 damage)
             ... on level 4 of the Dungeon.
             The game lasted 00:05:58 (3473 turns).

ClockworkOrrery the Shield-Bearer (Gnoll Fighter)   Turns: 3473, Time: 00:05:59

Health: -1/60      AC: 10    Str: 21    XL:     7   Next: 73%
Magic:  11/11      EV:  7    Int: 10    God:    Ashenzari [*.....]
Gold:   249        SH: 11    Dex: 14    Spells: 11/11 levels left

rFire    . . .     SeeInvis .   a - +0 trident
rCold    . . .     Faith    +   c - +0 kite shield
rNeg     + . .     Spirit   .   h - +0 chain mail
rPois    .         Reflect  .   (no helmet)
rElec    .         Harm     .   (no cloak)
rCorr    .                      (no gloves)
MR       +....                  (no boots)
Stlth    ..........             l - amulet of faith
HPRegen  0.20/turn              f - ring of protection from magic
MPRegen  0.12/turn              s - ring of positive energy

@: no status effects
A: distributed training, fangs 1, strong nose
a: Curse Item, Scrying, Renounce Religion


You were on level 4 of the Dungeon.
You worshipped Ashenzari.
Ashenzari was aware of your devotion.
You visited 1 branch of the dungeon, and saw 4 of its levels.

You collected 249 gold pieces.

Inventory:

Hand Weapons
 a - a +0 trident (weapon)
Armour
 c - a +0 kite shield (worn)
 h - a +0 chain mail (worn)
Jewellery
 f - a ring of protection from magic (left hand)
 i - an uncursed ring of flight
 l - an amulet of faith (around neck)
 s - a ring of positive energy (right hand)
 x - an uncursed ring of stealth
Wands
 m - a wand of disintegration (10)
Scrolls
 b - 3 scrolls of magic mapping {unknown}
 e - a scroll of random uselessness {unknown}
 g - 8 scrolls of identify {unknown}
 k - a scroll of fear {unknown}
 n - 9 scrolls of teleportation {unknown}
 p - a scroll of noise {unknown}
 r - a scroll of remove curse
 w - a scroll of immolation {unknown}
Potions
 d - a potion of might
 j - 5 potions of curing
 o - 2 potions of heal wounds {unknown}
 q - a potion of berserk rage {unknown}
 t - 4 potions of degeneration {unknown}
 u - 3 potions of lignification {unknown}
 v - a potion of brilliance {unknown}


   Skills:
 + Level 7.1 Fighting
 + Level 2.6 Short Blades
 + Level 2.6 Long Blades
 + Level 2.6 Axes
 + Level 2.6 Maces & Flails
 + Level 5.3 Polearms
 + Level 2.6 Staves
 + Level 2.6 Slings
 + Level 2.6 Bows
 + Level 2.6 Crossbows
 + Level 2.6 Throwing
 + Level 7.1 Armour
 + Level 2.6 Dodging
 + Level 2.6 Stealth
 + Level 7.1 Shields
 + Level 2.6 Unarmed Combat
 + Level 2.6 Spellcasting
 + Level 2.1 Conjurations
 + Level 2.1 Hexes
 + Level 2.1 Summonings
 + Level 2.1 Necromancy
 + Level 2.1 Translocations
 + Level 2.1 Transmutations
 + Level 2.1 Fire Magic
 + Level 2.1 Ice Magic
 + Level 2.1 Air Magic
 + Level 2.1 Earth Magic
 + Level 2.1 Poison Magic
 + Level 3.0 Invocations
 + Level 2.6 Evocations


You had 11 spell levels left.
You didn't know any spells.
Your spell library was empty.

Dungeon Overview and Level Annotations

Branches:
Dungeon (4/15)             Temple (0/1) D:4

Altars:
Ashenzari
Qazlal

Annotations:
D:4 2 runed translucent doors, Menkaure; zbzbzb's ghost, amateur DsTm


Innate Abilities, Weirdness & Mutations

Your experience applies equally to all skills.
You have very sharp teeth.
Your uncanny sense of smell can sniff out nearby items.


Message History

Menkaure hits you!
You are too injured to fight recklessly!
You are too injured to fight recklessly!
You are too injured to fight recklessly!
You are too injured to fight recklessly!
You are too injured to fight recklessly!
You are too injured to fight recklessly!
You are too injured to fight recklessly!
You hit Menkaure.
Menkaure is severely damaged.
Menkaure points at you and mumbles some strange words.
You resist with some effort.
You barely miss Menkaure.
Menkaure is severely damaged.
Menkaure hits you!
* * * LOW HITPOINT WARNING * * *
You hit Menkaure but do no damage.
Menkaure is severely damaged.
Menkaure hits you!
You die...

###
...
#.#
#.#
#M#
#@#
#.#
#.#
#.#
#.#
#.#
#.#
#.#
#.#


You could see Menkaure (fast).

Vanquished Creatures
  Edmund (D:4)
  Duvessa (D:4)
  An ogre (D:4)
  Dowan (D:4)
  A hound (D:4)
  An orc priest (D:3)
  A centaur skeleton (D:4)
  A worker ant (D:4)
  Natasha (thrice) (D:2)
  4 adders
  5 gnolls
  2 oozes
  3 worms
  3 leopard geckos (D:3)
  5 orcs (D:3)
  11 bats
  4 giant cockroaches
  10 hobgoblins
  2 jackals (D:2)
  A quokka (D:3)
  5 frilled lizards
  11 goblins
  8 kobolds
  5 rats
90 creatures vanquished.

Notes
Turn   | Place    | Note
-------+----------+-------------------------------------------
     0 | D:1      | ClockworkOrrery the Gnoll Fighter began the quest for the
                  | Orb.
     0 | D:1      | Reached XP level 1. HP: 23/23 MP: 1/1
   108 | D:1      | You fall into a shaft and drop 1 floor!
   160 | D:2      | Reached XP level 2. HP: 29/29 MP: 2/2
   333 | D:2      | Found a shattered altar of Ashenzari.
   517 | D:2      | Became a worshipper of Ashenzari the Shackled
   602 | D:2      | Reached XP level 3. HP: 32/35 MP: 2/4
   776 | D:1      | Reached skill level 1 in Invocations
   927 | D:1      | Reached skill level 1 in Short Blades
   927 | D:1      | Reached skill level 1 in Long Blades
   927 | D:1      | Reached skill level 1 in Axes
   927 | D:1      | Reached skill level 1 in Maces & Flails
   927 | D:1      | Reached skill level 1 in Staves
   927 | D:1      | Reached skill level 1 in Slings
   927 | D:1      | Reached skill level 1 in Bows
   927 | D:1      | Reached skill level 1 in Crossbows
   927 | D:1      | Reached skill level 1 in Throwing
   927 | D:1      | Reached skill level 1 in Dodging
   927 | D:1      | Reached skill level 1 in Stealth
   927 | D:1      | Reached skill level 1 in Unarmed Combat
   927 | D:1      | Reached skill level 1 in Spellcasting
   927 | D:1      | Reached skill level 1 in Evocations
   993 | D:1      | Reached XP level 4. HP: 41/41 MP: 5/5
  1448 | D:2      | Noticed Natasha
  1453 | D:2      | Killed Natasha
  1453 | D:2      | Reached skill level 1 in Conjurations
  1453 | D:2      | Reached skill level 1 in Hexes
  1453 | D:2      | Reached skill level 1 in Summonings
  1453 | D:2      | Reached skill level 1 in Necromancy
  1453 | D:2      | Reached skill level 1 in Translocations
  1453 | D:2      | Reached skill level 1 in Transmutations
  1453 | D:2      | Reached skill level 1 in Fire Magic
  1453 | D:2      | Reached skill level 1 in Ice Magic
  1453 | D:2      | Reached skill level 1 in Air Magic
  1453 | D:2      | Reached skill level 1 in Earth Magic
  1453 | D:2      | Reached skill level 1 in Poison Magic
  1468 | D:2      | Noticed Natasha
  1486 | D:2      | Killed Natasha
  1486 | D:2      | Reached XP level 5. HP: 18/47 MP: 6/6
  1689 | D:2      | Noticed Natasha
  1702 | D:2      | Killed Natasha
  2096 | D:3      | Found a stormy altar of Qazlal.
  2530 | D:3      | Reached XP level 6. HP: 53/53 MP: 8/8
  2664 | D:4      | Reached * piety under Ashenzari
  2678 | D:4      | Noticed Dowan
  2678 | D:4      | Noticed Duvessa
  2700 | D:4      | Killed Duvessa
  2700 | D:4      | Reached skill level 5 in Polearms
  2718 | D:4      | Killed Dowan
  2933 | D:4      | Noticed Edmund
  2970 | D:4      | Killed Edmund
  2970 | D:4      | Reached XP level 7. HP: 52/60 MP: 10/10
  3015 | D:4      | Found a runed translucent door.
  3016 | D:4      | Noticed zbzbzb's ghost (amateur DsTm)
  3018 | D:4      | Found a staircase to the Ecumenical Temple.
  3057 | D:4      | Found a runed translucent door.
  3462 | D:4      | Noticed Menkaure
  3473 | D:4      | Slain by Menkaure

Illustrated notes

Levels and vault maps discovered:
D:1:      dpeg_arrival_refuge, layout_basic, minmay_door_square,
          minmay_crystal_water
D:2:      layout_basic, nicolae_ashenzari_panopticon,
          minmay_goblin_kobold_house, uniq_natasha
D:3:      layout_rooms, grunt_qazlal_sundering
D:4:      layout_basic, minmay_temple_entry_statues, ebering_ghost_sewer_f,
          uniq_menkaure, uniq_edmund, uniq_duvessa

Skill      XL: |  1  2  3  4  5  6  7 |
---------------+----------------------+-----
Invocations    | 1 2 3 |  3.0
Short Blades   | 1 2 |  2.6
Long Blades    | 1 2 |  2.6
Axes           | 1 2 |  2.6
Maces & Flails | 1 2 |  2.6
Staves         | 1 2 |  2.6
Slings         | 1 2 |  2.6
Bows           | 1 2 |  2.6
Crossbows      | 1 2 |  2.6
Throwing       | 1 2 |  2.6
Dodging        | 1 2 |  2.6
Stealth        | 1 2 |  2.6
Unarmed Combat | 1 2 |  2.6
Spellcasting   | 1 2 |  2.6
Evocations     | 1 2 |  2.6
Conjurations   | 1 2 |  2.1
Hexes          | 1 2 |  2.1
Summonings     | 1 2 |  2.1
Necromancy     | 1 2 |  2.1
Translocations | 1 2 |  2.1
Transmutations | 1 2 |  2.1
Fire Magic     | 1 2 |  2.1
Ice Magic      | 1 2 |  2.1
Air Magic      | 1 2 |  2.1
Earth Magic    | 1 2 |  2.1
Poison Magic   | 1 2 |  2.1
Polearms       | 5 |  5.3
Fighting       | 7 |  7.1
Armour         | 7 |  7.1
Shields        | 7 |  7.1

Action                   |  1- 3 |  4- 6 |  7- 9 || total
-------------------------+-------+-------+-------++-------
Melee: Trident           |   111 |   239 |    72 ||   422
       Bite              |     9 |    28 |    13 ||    50
Armor: Chain mail        |    41 |    91 |    20 ||   152
Dodge: Dodged            |    18 |    49 |    10 ||    77
Block: Kite shield       |    52 |   116 |    23 ||   191

Table legend: (Time is in decaauts)
 A = Elapsed time spent in this place.
 B = Non-inter-level travel time spent in this place.
 C = Inter-level travel time spent in this place.
 D = Time resting spent in this place.
 E = Time spent auto-exploring this place.
 F = Levels seen in this place.
 G = Mean time per level.
                   A        B        C        D        E       F      G
               +--------+--------+--------+--------+--------+-----+--------+
         Total |   3533 |   3453 |     80 |    191 |   2561 |   4 |  883.2 |
       Dungeon |   3533 |   3453 |     80 |    191 |   2561 |   4 |  883.2 |
               +--------+--------+--------+--------+--------+-----+--------+

Top non-repeatable levels by time:
     D:2: 1514 daAuts
     D:4: 824 daAuts
     D:1: 616 daAuts
     D:3: 577 daAuts
